 Dungeon Crawl Stone Soup version 0.28.0-53-g5a82cb258f (webtiles) character file.

Game seed: 11859736559916695869

529 Woods the Insei (level 7, -6/49 (52) HPs)
             Began as a Gnoll Transmuter on June 9, 2022.
             Mangled by a wight
             ... wielding a +2 mace of protection
              (10 damage)
             ... in an ossuary.
             The game lasted 00:05:37 (4098 turns).

Woods the Insei (Gnoll Transmuter)                  Turns: 4098, Time: 00:05:38

HP:   -6/49 (52)    AC:  2    Str:  9    XL:     7   Next: 24%
MP:   12/15         EV: 22    Int: 14    God:
Gold: 156           SH:  0    Dex: 18    Spells: 11/17 levels left

rFire   . . .      SeeInvis .     - Unarmed
rCold   . . .      Faith    .   (shield currently unavailable)
rNeg    . . .      Spirit   .   (armour currently unavailable)
rPois   x          Reflect  .   (helmet currently unavailable)
rElec   .          Harm     .   (cloak currently unavailable)
rCorr   .          Rampage  .   (gloves currently unavailable)
Will    +....                   (boots currently unavailable)
Stlth   ++........              (no amulet)
HPRegen 0.16/turn               h - ring of willpower
MPRegen 0.14/turn               (no ring)

@: spider-form, drained
A: venomous fangs, tiny, (fangs 1), strong nose, distributed training
a: End Transformation


You were in an ossuary.
You were a venomous arachnid creature.
You visited 1 branch of the dungeon, and saw 4 of its levels.
You also visited: Ossuary.

You collected 156 gold pieces.

Inventory:

Armour
 a - a +0 robe (melded)
 i - a +0 cloak (melded)
Jewellery
 h - a ring of willpower (left front leg)
 l - a ring of flight
Scrolls
 b - 4 scrolls of identify {unknown}
 c - 2 scrolls of vulnerability {unknown}
 d - a scroll of fear {unknown}
 j - a scroll of enchant weapon {unknown}
Potions
 e - a potion of attraction {unknown}
 f - a potion of cancellation {unknown}
 g - a potion of ambrosia {unknown}
 k - a potion of curing {unknown}
 m - a potion of heal wounds {unknown}


   Skills:
 + Level 3.5 Fighting
 + Level 2.3 Short Blades
 + Level 2.3 Long Blades
 + Level 2.3 Axes
 + Level 2.3 Maces & Flails
 + Level 2.3 Polearms
 + Level 2.3 Staves
 + Level 2.3 Slings
 + Level 2.3 Bows
 + Level 2.3 Crossbows
 + Level 2.3 Throwing
 + Level 2.3 Armour
 + Level 5.2 Dodging
 + Level 2.3 Stealth
 + Level 2.3 Shields
 + Level 7.0 Unarmed Combat
 + Level 5.5 Spellcasting
 + Level 1.9 Conjurations
 + Level 1.9 Hexes
 + Level 1.9 Summonings
 + Level 1.9 Necromancy
 + Level 1.9 Translocations
 + Level 4.2 Transmutations
 + Level 1.9 Fire Magic
 + Level 1.9 Ice Magic
 + Level 1.9 Air Magic
 + Level 1.9 Earth Magic
 + Level 1.9 Poison Magic
 + Level 2.6 Invocations
 + Level 2.3 Evocations


You had 11 spell levels left.
You knew the following spells:

 Your Spells              Type           Power      Damage    Failure   Level
a - Beastly Appendage     Tmut           30%        N/A       10%         1
b - Wereblood             Tmut           15%        N/A       13%         2
c - Spider Form           Tmut/Pois      12%        N/A       32%         3

Your spell library contained the following spells:

 Spells                   Type           Power      Damage    Failure   Level
 Animate Skeleton         Necr           18%        N/A       21%         1
 Pain                     Necr           36%        1d5       21%         1
 Vampiric Draining        Necr           9%         2d6       43%         3
 Ice Form                 Ice/Tmut       12%        N/A       63%         4


Dungeon Overview and Level Annotations

Branches:
Dungeon (4/15)            Ossuary (1/1)
 Temple: D:4-7

Altars:
Zin
The Shining One

Annotations:
D:3 1 runed translucent door, Zeld's ghost, weakling TeAE


Innate Abilities, Weirdness & Mutations

You are a venomous arachnid creature.
You have poisonous fangs.
You are tiny and dextrous.
Your spellcasting is less reliable in this form.
Your armour is entirely melded.
You are incapable of wielding weapons or throwing items.
((You have very sharp teeth.))
Your uncanny sense of smell can sniff out nearby items.
Your experience applies equally to all skills.


Message History

You hit the wight but do no damage.
The wight is heavily damaged.
The wight closely misses you.
You hit the wight but do no damage.
The wight is heavily damaged.
The wight barely misses you.
You hit the wight but do no damage.
The wight is heavily damaged.
The wight misses you.
You hit the wight but do no damage.
The wight is heavily damaged.
The wight completely misses you.
You hit the wight but do no damage.
The wight is heavily damaged.
The wight barely misses you.
You barely miss the wight.
The wight is heavily damaged.
Your transformation has ended.
Your +0 cloak unmelds from your body.
Your +0 robe unmelds from your body.
The wight misses you.
Unknown command.
Casting: Spider Form (dangerous; 14% risk of failure)
Confirm with . or Enter, or press ? or * to list all spells.
You turn into a venomous arachnid creature.
Your +0 cloak melds into your body.
Your +0 robe melds into your body.
The wight misses you.
Unknown command.
You hit the wight but do no damage.
The wight is heavily damaged.
You hit the wight but do no damage.
The wight is heavily damaged.
The wight misses you.
You barely miss the wight.
The wight is heavily damaged.
The wight hits you with a +2 mace of protection!
* * * LOW HITPOINT WARNING * * *
You hit the wight but do no damage.
The wight is heavily damaged.
The wight hits you with a +2 mace of protection!
You die...

#.# ##.# ##.## #.##
#..### ##...# ###...##
##......#########
##........##.#.#s#
#..........#'#'#z#+#+##
#..#.......'..........+
##.##......#'#'#'#+#+##
#.#......##.#.#.#
#.##....#########
##.....## ##...## #####


You could see a wight.

Vanquished Creatures
  A black bear (D:4)
  Blork the orc (D:4)
  A wight (Ossuary)
  3 orc priests (D:3)
  A bullfrog skeleton (D:4)
  Ijyb (D:3)
  A hound skeleton (D:4)
  A mummy (D:4)
  5 adders
  A worm (D:2)
  7 dart slugs
  10 orcs (D:3)
  7 bats
  8 endoplasms
  2 giant cockroaches
  6 goblins
  7 hobgoblins
  10 jackals (D:1)
  8 kobolds
  4 quokkas
  16 ball pythons
  A ball python skeleton (Ossuary)
  A frilled lizard (D:3)
  A hobgoblin skeleton (Ossuary)
  A hobgoblin zombie (Ossuary)
  An orc zombie (Ossuary)
  3 rats
109 creatures vanquished.

Vanquished Creatures (others)
  6 plants (D:1)
  2 withered plants (D:3)
8 creatures vanquished.

Grand Total: 117 creatures vanquished

Notes
Turn   | Place    | Note
-------+----------+-------------------------------------------
     0 | D:1      | Woods the Gnoll Transmuter began the quest for the Orb.
     0 | D:1      | Reached XP level 1. HP: 17/17 MP: 6/6
   155 | D:1      | Reached XP level 2. HP: 22/23 MP: 5/7
   158 | D:1      | Learned a level 2 spell: Wereblood
   442 | D:1      | Reached XP level 3. HP: 23/28 MP: 7/9
   459 | D:1      | Reached skill level 5 in Spellcasting
   609 | D:1      | Reached skill level 1 in Invocations
  1174 | D:1      | Reached skill level 1 in Short Blades
  1174 | D:1      | Reached skill level 1 in Long Blades
  1174 | D:1      | Reached skill level 1 in Axes
  1174 | D:1      | Reached skill level 1 in Maces & Flails
  1174 | D:1      | Reached skill level 1 in Polearms
  1174 | D:1      | Reached skill level 1 in Staves
  1174 | D:1      | Reached skill level 1 in Slings
  1174 | D:1      | Reached skill level 1 in Bows
  1174 | D:1      | Reached skill level 1 in Crossbows
  1174 | D:1      | Reached skill level 1 in Throwing
  1174 | D:1      | Reached skill level 1 in Armour
  1174 | D:1      | Reached skill level 1 in Stealth
  1174 | D:1      | Reached skill level 1 in Shields
  1174 | D:1      | Reached skill level 1 in Evocations
  1181 | D:1      | Learned a level 3 spell: Spider Form
  1406 | D:2      | Reached XP level 4. HP: 28/34 MP: 9/11
  1879 | D:2      | Reached skill level 1 in Conjurations
  1879 | D:2      | Reached skill level 1 in Hexes
  1879 | D:2      | Reached skill level 1 in Summonings
  1879 | D:2      | Reached skill level 1 in Necromancy
  1879 | D:2      | Reached skill level 1 in Translocations
  1879 | D:2      | Reached skill level 1 in Fire Magic
  1879 | D:2      | Reached skill level 1 in Ice Magic
  1879 | D:2      | Reached skill level 1 in Air Magic
  1879 | D:2      | Reached skill level 1 in Earth Magic
  1879 | D:2      | Reached skill level 1 in Poison Magic
  2231 | D:3      | Reached XP level 5. HP: 38/40 MP: 9/12
  2602 | D:3      | Found a glowing golden altar of the Shining One.
  2604 | D:3      | Found a glowing silver altar of Zin.
  2672 | D:3      | Noticed Ijyb
  2684 | D:3      | Killed Ijyb
  2945 | D:3      | Reached XP level 6. HP: 47/47 MP: 13/13
  3111 | D:3      | Found a runed translucent door.
  3111 | D:3      | Noticed Zeld's ghost (weakling TeAE)
  3548 | D:4      | Noticed Blork the orc
  3556 | D:4      | Killed Blork the orc
  3557 | D:4      | Reached skill level 5 in Dodging
  3939 | D:4      | Noticed a black bear
  3946 | D:4      | Killed a black bear
  3947 | D:4      | Reached XP level 7. HP: 48/52 MP: 13/15
  3978 | D:4      | Found a sand-covered staircase.
  3986 | D:4      | Reached skill level 7 in Unarmed Combat
  3990 | Ossuary  | Entered an ossuary
  4098 | Ossuary  | Mangled by a wight

Illustrated notes

Levels and vault maps discovered:
D:1:      eino_arrival_tree_alley, layout_loops_ring, minmay_misc_feat_room,
          kennysheep_pointless_box
D:2:      layout_rooms
D:3:      minmay_evil_eye, layout_loops_ring, grunt_temple_overflow_open,
          gammafunk_ghost_grave, chequers_decorated_corner, uniq_ijyb
D:4:      layout_loops_corners, grunt_qazlal_clouds, gup_ossuary_entry_pyramid,
          uniq_sigmund, uniq_blork_the_orc, uniq_natasha
Ossuary:  ossuary_due_cavern

Skill      XL: |  1  2  3  4  5  6  7 |
---------------+----------------------+-----
Spellcasting   | 5 |  5.5
Invocations    | 1 2 |  2.6
Short Blades   | 1 2 |  2.3
Long Blades    | 1 2 |  2.3
Axes           | 1 2 |  2.3
Maces & Flails | 1 2 |  2.3
Polearms       | 1 2 |  2.3
Staves         | 1 2 |  2.3
Slings         | 1 2 |  2.3
Bows           | 1 2 |  2.3
Crossbows      | 1 2 |  2.3
Throwing       | 1 2 |  2.3
Armour         | 1 2 |  2.3
Stealth        | 1 2 |  2.3
Shields        | 1 2 |  2.3
Evocations     | 1 2 |  2.3
Conjurations   | 1 |  1.9
Hexes          | 1 |  1.9
Summonings     | 1 |  1.9
Necromancy     | 1 |  1.9
Translocations | 1 |  1.9
Fire Magic     | 1 |  1.9
Ice Magic      | 1 |  1.9
Air Magic      | 1 |  1.9
Earth Magic    | 1 |  1.9
Poison Magic   | 1 |  1.9
Fighting       | 3 |  3.5
Transmutations | 4 |  4.2
Dodging        | 5 |  5.2
Unarmed Combat | 7 |  7.0

Action                   |  1- 3 |  4- 6 |  7- 9 || total
-------------------------+-------+-------+-------++-------
Melee: Unarmed           |    98 |   139 |    40 ||   277
       Kick              |    19 |    16 |     2 ||    37
       Headbutt          |    10 |    10 |       ||    20
       Bite              |     8 |     5 |       ||    13
       Punch             |     1 |     2 |       ||     3
 Cast: Beastly Appendage |    30 |    27 |     1 ||    58
       Spider Form       |       |     6 |     4 ||    10
 Stab: Sleeping          |     3 |     4 |     2 ||     9
Armor: Robe              |     7 |    12 |     1 ||    20
       Skin              |       |     8 |       ||     8
Dodge: Dodged            |    65 |    85 |    25 ||   175
